 Dungeon Crawl Stone Soup version 0.21-a0-278-ga722497 (webtiles) character file.

59 vishdafish the Skirmisher (level 3, -5/29 HPs)
             Began as a Demonspawn Fighter on Sept 23, 2017.
             Slain by an orc warrior
             ... wielding a +0 battleaxe
              (14 damage)
             ... on level 2 of the Dungeon.
             The game lasted 00:02:35 (1307 turns).

vishdafish the Skirmisher (Demonspawn Fighter)      Turns: 1307, Time: 00:02:36

Health: -5/29      AC: 10    Str: 21    XL:     3   Next: 78%
Magic:  3/3        EV:  6    Int: 10    God:
Gold:   60         SH:  7    Dex: 12    Spells: 2/2 levels left

rFire    . . .     SeeInvis .   a - +0 war axe
rCold    . . .     Gourm    .   c - +0 shield
rNeg     . . .     Faith    .   b - +0 scale mail
rPois    .         Spirit   .   (no helmet)
rElec    .         Reflect  .   (no cloak)
rCorr    .         Harm     .   m - +0 pair of gloves
MR       .....                  (no boots)
Stlth    ..........             (no amulet)
HPRegen  0.09/turn              (no ring)
MPRegen  0.08/turn              (no ring)

@: mighty, very heavily drained
A: slimy green scales 2
a: no special abilities


You were on level 2 of the Dungeon.
You were hungry.

You visited 1 branch of the dungeon, and saw 3 of its levels.

You collected 60 gold pieces.

Inventory:

Hand Weapons
 a - a +0 war axe (weapon)
Armour
 b - a +0 scale mail (worn)
 c - a +0 shield (worn)
 m - a +0 pair of gloves (worn)
Scrolls
 e - a scroll of teleportation {unknown}
 g - a scroll of immolation {unknown}
 i - a scroll of identify {unknown}
 j - 2 scrolls of remove curse {unknown}
 l - a scroll of random uselessness {unknown}
 o - a scroll of fear {unknown}
 q - a scroll of magic mapping {unknown}
 r - a scroll of enchant armour {unknown}
Potions
 d - a potion of might
 h - a potion of magic {unknown}
 n - 2 potions of agility {unknown}
 p - a potion of heal wounds {unknown}
Comestibles
 f - 3 bread rations
 k - 2 meat rations


   Skills:
 + Level 3.6(0.6) Fighting
 * Level 2.4(0.0) Axes
 + Level 3.1(0.1) Armour
 + Level 3.1(0.1) Shields


You had 2 spell levels left.
You didn't know any spells.

Dungeon Overview and Level Annotations

Branches:
Dungeon (3/15)

Altars:
Ashenzari
Gozag
Ru


Innate Abilities, Weirdness & Mutations

You are mostly covered in slimy green scales. (AC +3)


Message History

The orc warrior throws a tomahawk of dispersal.
The tomahawk of dispersal barely misses you.
The orc warrior throws a tomahawk of dispersal.
You block the tomahawk of dispersal.
You see here a club.
The orc warrior throws a tomahawk of dispersal.
The tomahawk of dispersal hits you!
* * * LOW HITPOINT WARNING * * *
You blink.
The orc warrior throws a tomahawk of dispersal.
You block the tomahawk of dispersal.
There is a stone staircase leading up here.
Sorry, you're not good enough to have a special ability.
You feel very mighty all of a sudden.
You climb upwards.
There is a stone staircase leading down here.
You hit the orc warrior.
The orc warrior is moderately wounded.
The orc warrior hits you with a battleaxe!
You die...

#...)..#...#
###.#....#...#
###.......##....
#....##......###
#.##.##......#..
###.##......#..#..
#<..#######.#.####
#..............#..
#@o............#..
########.#######..
#.#..# ##.. #....#
#... #...####...
#.##.......
#.##.###... #....#
###< ####.## ##


You could see an orc warrior.

Vanquished Creatures
  2 oozes
  A dart slug (D:3)
  3 leopard geckos
  2 giant cockroaches (D:1)
  5 goblins
  A hobgoblin (D:1)
  6 jackals
  6 kobolds
  2 quokkas
  8 bats
  3 frilled lizards
  A rat (D:1)
40 creatures vanquished.

Notes
Turn   | Place    | Note
-------+----------+-------------------------------------------
     0 | D:1      | vishdafish the Demonspawn Fighter began the quest for the Orb.
     0 | D:1      | Reached XP level 1. HP: 18/18 MP: 1/1
    46 | D:1      | Gained mutation: You are partially covered in slimy green scales. (AC +2) [demonic ancestry]
    46 | D:1      | Reached XP level 2. HP: 22/24 MP: 2/2
   375 | D:1      | Gained mutation: You are mostly covered in slimy green scales. (AC +3) [demonic ancestry]
   375 | D:1      | Reached XP level 3. HP: 29/29 MP: 3/3
   592 | D:2      | Found a sacrificial altar of Ru.
   681 | D:2      | Found an opulent altar of Gozag.
   720 | D:2      | Found a shattered altar of Ashenzari.
  1220 | D:3      | Noticed an orc warrior
  1307 | D:2      | Slain by an orc warrior

Vault maps used:
D:1:      minmay_arrival_open_corners
D:2:      hangedman_ru_absence, evilmike_ruin_ashenzari, grunt_gozag_statues
D:3:      patterned_corridor

Skill      XL: |  1  2  3 |
---------------+----------+-----
Axes           | 2 |  2.4
Shields        | 3 |  3.1
Armour         | 3 |  3.1
Fighting       | |  3.6

Action                   || total
-------------------------++-------
Melee: War axe           ||   158
  Use: Potion            ||     1
  Eat: Chunk             ||     1
Armor: Scale mail        ||   137
Dodge: Dodged            ||    64
Block: Shield            ||   104

Table legend:
 A = Spawn XP
 B = Non-spawn XP
 C = Spawn XP percentage of total XP
 D = Spawn monster count
 E = Non-spawn monster count
 F = Spawn count percentage of total count
 G = Total turns spent on level
                    A         B        C        D         E        F      G
               +---------+---------+-------+---------+---------+-------+---------
         Total |       0 |      85 |   0.0 |       0 |      40 |   0.0 |  1307
               +---------+---------+-------+---------+---------+-------+---------
           D:1 |       0 |      50 |   0.0 |       0 |      24 |   0.0 |   570
           D:2 |       0 |      27 |   0.0 |       0 |      13 |   0.0 |   567
           D:3 |       0 |       8 |   0.0 |       0 |       3 |   0.0 |   170
               +---------+---------+-------+---------+---------+-------+---------
